PR
TULSA OTTERS @ FORT KNOX CENTENNIAL
08/17/2038
 
TOP OF THE 1ST
Tulsa Otters batting - Pitching for Fort Knox Centennial : LHP Phil Day
Pitching: LHP Phil Day
Batting: RHB José Anaya 0-0: Called Strike
0-1: Ball
1-1: Ball
2-1: Ball
3-1: Foul Ball, location: 2F
3-2: Foul Ball, location: 2F
3-2: Base on Balls
Batting: RHB Momoru Sato 0-0: Ball
1-0: Swinging Strike
1-1: SINGLE (Groundball, 56, EV 95.0 MPH)
José Anaya to second
Batting: RHB Alfredo Valdéz 0-0: Ball
1-0: Swinging Strike
1-1: Foul Ball, location: 2F
1-2: Foul Ball, location: 2F
1-2: Fly out, F9 (Flyball, 9D, EV 75.6 MPH)
Runner from 2nd tags up, SAFE at 3rd, no throw by RF
Batting: RHB Ricardo Quintanilla 0-0: Ball
1-0: Swinging Strike
1-1: Called Strike
1-2: Ball
2-2: Foul Ball, location: 2F
2-2: Strikes out swinging
Batting: LHB Jim Henson 0-0: Ball
1-0: SINGLE (Popup, 5D, EV 75.6 MPH)
José Anaya scores
Momoru Sato to second
Batting: RHB Jorge Díaz 0-0: Ball
1-0: Ball
2-0: Ball
3-0: Called Strike
3-1: Foul Ball, location: 2F
3-2: Ground out U3 (Groundball, 3, EV 86.2 MPH)
Top of the 1st over - 1 run, 2 hits, 0 errors, 2 left on base; Tulsa 1 - Fort Knox 0
BOTTOM OF THE 1ST
Fort Knox Centennial batting - Pitching for Tulsa Otters : LHP José Guerrero
Pitching: LHP José Guerrero
Batting: RHB Chang-soo Yun 0-0: Ball
1-0: Ball
2-0: Called Strike
2-1: Ball
3-1: Base on Balls
Batting: RHB Chut-sai Meng 0-0: Called Strike
0-1: Ball
1-1: Fielders Choice at 2nd, 5-4 (Groundball, 56, EV 108.8 MPH)
Batting: RHB Mario Muñóz 0-0: Ball
1-0: Called Strike
1-1: Fly out, F7 (Flyball, 7LS, EV 85.0 MPH)
Batting: RHB Bowen Johnson 0-0: Called Strike
Chut-sai Meng steals 2nd base
0-1: Ball
1-1: Foul Ball, location: 2F
1-2: Strikes out swinging
Bottom of the 1st over - 0 runs, 0 hits, 0 errors, 1 left on base; Tulsa 1 - Fort Knox 0
TOP OF THE 2ND
Tulsa Otters batting - Pitching for Fort Knox Centennial : LHP Phil Day
Batting: RHB Pedro Santos 0-0: Ball
1-0: Ball
2-0: Ball
3-0: Called Strike
3-1: Base on Balls
Batting: RHB John Montgomery 0-0: Ball
1-0: SINGLE (Groundball, 6D, EV 101.9 MPH)
Pedro Santos to second
Batting: RHB Tom Lee 0-0: Called Strike
0-1: Ball
1-1: Ball
2-1: SINGLE (Groundball, 6MD, EV 95.6 MPH)
Pedro Santos to third
John Montgomery to second
Runner from 3rd tries for Home, SAFE, throw by CF to home
Batting: RHB José Anaya 0-0: Foul Ball, location: 2F
0-1: Ball
1-1: Foul Ball, location: 2F
1-2: Ball
2-2: Ball
3-2: Base on Balls
John Montgomery to third
Tom Lee to second
Batting: RHB Momoru Sato 0-0: Called Strike
0-1: Swinging Strike
0-2: Hit by Pitch
John Montgomery scores
Tom Lee to third
José Anaya to second
Batting: RHB Alfredo Valdéz 0-0: Ball
1-0: Swinging Strike
1-1: Foul Ball, location: 2F
1-2: Ball
2-2: Fielders Choice at 2nd, 3-6 (Groundball, 3, EV 82.5 MPH)
Tom Lee scores
José Anaya to third
Batting: RHB Ricardo Quintanilla 0-0: Ball
1-0: Ball
2-0: Ball
3-0: Base on Balls
Alfredo Valdéz to second
Batting: LHB Jim Henson 0-0: Ball
1-0: Ball
2-0: Called Strike
2-1: Swinging Strike
2-2: Strikes out looking
Batting: RHB Jorge Díaz 0-0: Called Strike
0-1: Ball
1-1: Fly out, F7 (Flyball, 78D, EV 100.6 MPH)
Top of the 2nd over - 3 runs, 2 hits, 0 errors, 3 left on base; Tulsa 4 - Fort Knox 0
BOTTOM OF THE 2ND
Fort Knox Centennial batting - Pitching for Tulsa Otters : LHP José Guerrero
Batting: RHB Rocky Moran 0-0: Ball
1-0: Foul Ball, location: 2F
1-1: Ball
2-1: SINGLE (Groundball, 4D, EV 106.2 MPH)
Batting: RHB Iván Piñón 0-0: Ball
1-0: Ball
2-0: Swinging Strike
2-1: Swinging Strike
2-2: DOUBLE (Line Drive, 89D, EV 105.0 MPH)
Rocky Moran to third
Runner from 3rd tries for Home, SAFE, no throw by CF
Batting: SHB Rob Murdoch 0-0: Swinging Strike
0-1: Swinging Strike
0-2: Ball
1-2: Strikes out swinging
Batting: RHB Domingo Reyes 0-0: Ball
1-0: Called Strike
1-1: Fly out, F7 (Line Drive, 7, EV 108.8 MPH)
Batting: RHB César Jiménez 0-0: Fly out, F3 (Popup, 23F, EV 86.2 MPH)
Bottom of the 2nd over - 1 run, 2 hits, 0 errors, 1 left on base; Tulsa 4 - Fort Knox 1
TOP OF THE 3RD
Tulsa Otters batting - Pitching for Fort Knox Centennial : LHP Phil Day
Batting: RHB Pedro Santos 0-0: Ball
1-0: Ball
2-0: Foul Ball, location: 2F
2-1: Ball
3-1: Swinging Strike
3-2: Fly out, F7 (Flyball, 7LD, EV 84.4 MPH)
Batting: RHB John Montgomery 0-0: DOUBLE (Line Drive, 78D, EV 106.9 MPH)
Batting: RHB Tom Lee 0-0: Ball
1-0: SINGLE (Groundball, 6, EV 98.8 MPH) (infield hit)
John Montgomery to third
Batting: RHB José Anaya 0-0: Ball
Passed Ball!
John Montgomery scores
Tom Lee to second
1-0: Foul Ball, location: 2F
1-1: Fly out, F8 (Flyball, 8LD, EV 98.8 MPH)
Runner from 2nd tags up, SAFE at 3rd with throw by CF
Batting: RHB Momoru Sato 0-0: Ball
1-0: Called Strike
1-1: Foul Ball, location: 2F
1-2: Foul Ball, location: 2F
1-2: Ball
2-2: Ball
3-2: Strikes out swinging
Top of the 3rd over - 1 run, 2 hits, 0 errors, 1 left on base; Tulsa 5 - Fort Knox 1
BOTTOM OF THE 3RD
Fort Knox Centennial batting - Pitching for Tulsa Otters : LHP José Guerrero
Batting: RHB Chang-soo Yun 0-0: Foul Ball, location: 2F
0-1: Ball
1-1: Ground out 4-3 (Groundball, 34, EV 80.6 MPH)
Batting: RHB Chut-sai Meng 0-0: Called Strike
0-1: Fly out, F9 (Flyball, 9D, EV 86.2 MPH)
Batting: RHB Mario Muñóz 0-0: Ball
1-0: Fly out, F9 (Flyball, 9LM, EV 80.0 MPH)
Bottom of the 3rd over - 0 runs, 0 hits, 0 errors, 0 left on base; Tulsa 5 - Fort Knox 1
TOP OF THE 4TH
Tulsa Otters batting - Pitching for Fort Knox Centennial : LHP Phil Day
Pitching: LHP Raúl González
Batting: RHB Alfredo Valdéz 0-0: Called Strike
0-1: Called Strike
0-2: Ball
1-2: Ball
2-2: Foul Ball, location: 2F
2-2: Ball
3-2: Foul Ball, location: 2F
3-2: Foul Ball, location: 2F
3-2: Strikes out looking
Batting: RHB Ricardo Quintanilla 0-0: Ball
1-0: Ball
2-0: Hit by Pitch
Batting: LHB Jim Henson 0-0: Called Strike
0-1: Foul Ball, location: 2F
0-2: SINGLE (Groundball, 3, EV 85.6 MPH) (infield hit)
Ricardo Quintanilla to second
Batting: RHB Jorge Díaz 0-0: Grounds into double play, 4-6-3 (Groundball, 4, EV 86.9 MPH)
Top of the 4th over - 0 runs, 1 hit, 0 errors, 1 left on base; Tulsa 5 - Fort Knox 1
BOTTOM OF THE 4TH
Fort Knox Centennial batting - Pitching for Tulsa Otters : LHP José Guerrero
Batting: RHB Bowen Johnson 0-0: Called Strike
0-1: Ball
1-1: Ball
2-1: Foul Ball, location: 2F
2-2: Fly out, F7 (Flyball, 78M, EV 85.6 MPH)
Batting: RHB Rocky Moran 0-0: Swinging Strike
0-1: Ball
1-1: Ground out 4-3 (Groundball, 4, EV 95.6 MPH)
Batting: RHB Iván Piñón 0-0: Ball
1-0: Ball
2-0: Called Strike
2-1: Ball
3-1: Ground out 5-3 (Groundball, 56, EV 93.8 MPH)
Bottom of the 4th over - 0 runs, 0 hits, 0 errors, 0 left on base; Tulsa 5 - Fort Knox 1
TOP OF THE 5TH
Tulsa Otters batting - Pitching for Fort Knox Centennial : LHP Raúl González
Batting: RHB Pedro Santos 0-0: Ball
1-0: Ball
2-0: Called Strike
2-1: SINGLE (Groundball, 6, EV 87.5 MPH) (infield hit)
Batting: RHB John Montgomery 0-0: Foul Ball, location: 2F
0-1: Ball
1-1: Ball
2-1: Ball
3-1: Base on Balls
Pedro Santos to second
Batting: RHB Tom Lee 0-0: Foul Ball, location: 2F
0-1: Sac Bunt to 15 - play at first, batter OUT! 1-3
Pedro Santos to third
John Montgomery to second
Batting: RHB José Anaya 0-0: Foul Ball, location: 2F
0-1: Swinging Strike
0-2: Ball
1-2: Ball
2-2: Ball
3-2: Ground out 4-3 (Groundball, 4M, EV 105.0 MPH)
Pedro Santos scores
John Montgomery to third
Batting: RHB Momoru Sato 0-0: Ball
1-0: Ball
2-0: Ball
3-0: Base on Balls
Batting: RHB Alfredo Valdéz 0-0: Ball
1-0: DOUBLE (Flyball, 7LD, EV 103.1 MPH)
John Montgomery scores
Momoru Sato to third
Runner from 3rd tries for Home, SAFE, throw by LF to trailing runner, OUT at third! 7-6-5
Top of the 5th over - 3 runs, 2 hits, 0 errors, 0 left on base; Tulsa 8 - Fort Knox 1
BOTTOM OF THE 5TH
Fort Knox Centennial batting - Pitching for Tulsa Otters : LHP José Guerrero
Batting: SHB Rob Murdoch 0-0: Foul Ball, location: 2F
0-1: Ball
1-1: Swinging Strike
1-2: Ground out 5-3 (Groundball, 5S, EV 80.0 MPH)
Batting: RHB Domingo Reyes 0-0: Called Strike
0-1: Swinging Strike
0-2: Ball
1-2: Strikes out swinging
Batting: RHB César Jiménez 0-0: Called Strike
0-1: Called Strike
0-2: Ball
1-2: Ball
2-2: Foul Ball, location: 2F
2-2: Ball
3-2: Foul Ball, location: 2F
3-2: Foul Ball, location: 2F
3-2: Foul Ball, location: 2F
3-2: Ground out 6-3 (Groundball, 6M, EV 99.4 MPH)
Bottom of the 5th over - 0 runs, 0 hits, 0 errors, 0 left on base; Tulsa 8 - Fort Knox 1
TOP OF THE 6TH
Tulsa Otters batting - Pitching for Fort Knox Centennial : LHP Raúl González
Batting: RHB Ricardo Quintanilla 0-0: Called Strike
0-1: DOUBLE (Line Drive, 89D, EV 101.9 MPH)
Batting: LHB Jim Henson 0-0: Ball
1-0: Called Strike
1-1: Ball
2-1: Foul Ball, location: 2F
2-2: Foul Ball, location: 2F
2-2: Strikes out swinging
Pitching: RHP John Morgan
Batting: RHB Jorge Díaz 0-0: Ground out 1-3 (Groundball, 34S, EV 70.6 MPH)
Ricardo Quintanilla to third
Batting: RHB Pedro Santos 0-0: Ball
1-0: Ball
2-0: Called Strike
2-1: Foul Ball, location: 2F
2-2: Foul Ball, location: 2F
2-2: Strikes out swinging
Top of the 6th over - 0 runs, 1 hit, 0 errors, 1 left on base; Tulsa 8 - Fort Knox 1
BOTTOM OF THE 6TH
Fort Knox Centennial batting - Pitching for Tulsa Otters : LHP José Guerrero
Batting: RHB Chang-soo Yun 0-0: Foul Ball, location: 2F
0-1: Ball
1-1: Ball
2-1: Ball
3-1: Foul Ball, location: 2F
3-2: Fly out, F7 (Flyball, 7LS, EV 80.6 MPH)
Pitching: LHP Juan Fairchild
Batting: RHB Chut-sai Meng 0-0: Called Strike
0-1: SINGLE (Groundball, 6MD, EV 103.1 MPH)
Batting: RHB Mario Muñóz 0-0: Called Strike
0-1: Grounds into double play, 5-4-3 (Groundball, 56, EV 82.5 MPH)
Bottom of the 6th over - 0 runs, 1 hit, 0 errors, 0 left on base; Tulsa 8 - Fort Knox 1
TOP OF THE 7TH
Tulsa Otters batting - Pitching for Fort Knox Centennial : RHP John Morgan
Batting: RHB John Montgomery 0-0: Foul Ball, location: 2F
0-1: Fly out, F7 (Line Drive, 7D, EV 107.5 MPH)
Batting: RHB Tom Lee 0-0: Called Strike
0-1: Foul Ball, location: 2F
0-2: Foul Ball, location: 2F
0-2: Ball
1-2: Ground out 1-3 (Groundball, P, EV 85.0 MPH)
Pinch Hitting: RHB Mike Badders 0-0: Called Strike
0-1: Ground out 1-3 (Groundball, P, EV 72.5 MPH)
Top of the 7th over - 0 runs, 0 hits, 0 errors, 0 left on base; Tulsa 8 - Fort Knox 1
BOTTOM OF THE 7TH
Fort Knox Centennial batting - Pitching for Tulsa Otters : LHP Juan Fairchild
Now in LF: Mike Badders
Batting: RHB Bowen Johnson 0-0: Ball
1-0: SINGLE (Line Drive, 78M, EV 96.9 MPH)
Pinch Hitting: LHB Furgentley Jamanica 0-0: Ball
1-0: Called Strike
1-1: Foul Ball, location: 2F
1-2: Strikes out swinging
Batting: RHB Iván Piñón 0-0: Ball
1-0: Ball
2-0: Ball
3-0: Base on Balls
Bowen Johnson to second
Pinch Hitting: RHB Dídac Nores 0-0: Ball
1-0: Fly out, F9 (Flyball, 9LS, EV 79.4 MPH)
Pinch Hitting: RHB Geer Leurink 0-0: Ball
1-0: Ball
2-0: Called Strike
2-1: Foul Ball, location: 2F
2-2: Strikes out looking
Bottom of the 7th over - 0 runs, 1 hit, 0 errors, 2 left on base; Tulsa 8 - Fort Knox 1
TOP OF THE 8TH
Tulsa Otters batting - Pitching for Fort Knox Centennial : RHP John Morgan
Now at SS: Gary Panniers
Now in LF: Dídac Nores
Now in CF: Furgentley Jamanica
Batting: RHB Momoru Sato 0-0: Ball
1-0: SINGLE (Groundball, 56D, EV 109.4 MPH)
Batting: RHB Alfredo Valdéz 0-0: Called Strike
0-1: Called Strike
0-2: Ball
1-2: Foul Ball, location: 2F
1-2: Ball
2-2: Foul Ball, location: 2F
2-2: Ball
3-2: Strikes out swinging
Momoru Sato steals 2nd base
Batter strikes out.
Batting: RHB Ricardo Quintanilla 0-0: Ball
1-0: Called Strike
1-1: Ground out 1-3 (Groundball, 15S, EV 75.6 MPH)
Batting: LHB Jim Henson 0-0: Foul Ball, location: 2F
0-1: Called Strike
0-2: Strikes out swinging
Top of the 8th over - 0 runs, 1 hit, 0 errors, 1 left on base; Tulsa 8 - Fort Knox 1
BOTTOM OF THE 8TH
Fort Knox Centennial batting - Pitching for Tulsa Otters : LHP Juan Fairchild
Batting: RHB César Jiménez 0-0: Foul Ball, location: 2F
0-1: Foul Ball, location: 2F
0-2: Ball
1-2: Ball
2-2: SINGLE (Flyball, 9LS, EV 90.6 MPH) - OUT at second base trying to stretch hit.
Batting: RHB Chang-soo Yun 0-0: Ball
1-0: SINGLE (Groundball, 34D, EV 104.4 MPH)
Batting: RHB Chut-sai Meng 0-0: Called Strike
0-1: Foul Ball, location: 2F
0-2: Strikes out looking
Batting: RHB Mario Muñóz 0-0: Ball
1-0: Called Strike
1-1: Foul Ball, location: 2F
1-2: Strikes out swinging
Bottom of the 8th over - 0 runs, 2 hits, 0 errors, 1 left on base; Tulsa 8 - Fort Knox 1
TOP OF THE 9TH
Tulsa Otters batting - Pitching for Fort Knox Centennial : RHP John Morgan
Batting: RHB Jorge Díaz 0-0: Ball
1-0: Called Strike
1-1: Called Strike
1-2: Strikes out swinging
Batting: RHB Pedro Santos 0-0: Ball
1-0: Called Strike
1-1: Fly out, F8 (Flyball, 8RS, EV 88.1 MPH)
Batting: RHB John Montgomery 0-0: Ball
1-0: Called Strike
1-1: Foul Ball, location: 2F
1-2: Ball
2-2: Ball
3-2: Base on Balls
Batting: RHB Tom Lee 0-0: Ball
1-0: Ball
2-0: Foul Ball, location: 2F
2-1: Called Strike
2-2: SINGLE (Line Drive, 5D, EV 98.1 MPH)
John Montgomery to second
Batting: RHB Mike Badders 0-0: Ball
1-0: Called Strike
1-1: Foul Ball, location: 2F
1-2: Foul Ball, location: 2F
1-2: Ball
2-2: Foul Ball, location: 2F
2-2: Strikes out swinging
Top of the 9th over - 0 runs, 1 hit, 0 errors, 2 left on base; Tulsa 8 - Fort Knox 1
BOTTOM OF THE 9TH
Fort Knox Centennial batting - Pitching for Tulsa Otters : LHP Juan Fairchild
Pinch Hitting: LHB Brian Drake 0-0: Foul Ball, location: 2F
0-1: SINGLE (Flyball, 7LS, EV 91.2 MPH)
Batting: LHB Furgentley Jamanica 0-0: Called Strike
0-1: Foul Ball, location: 2F
0-2: SINGLE (Line Drive, 4MD, EV 94.4 MPH)
Brian Drake to second
Batting: RHB Iván Piñón 0-0: Ball
1-0: Ball
2-0: Called Strike
2-1: Ball
3-1: Fly out, F7 (Flyball, 7S, EV 80.0 MPH)
Pitching: LHP Nick Ramey
Batting: RHB Dídac Nores 0-0: Ball
1-0: Swinging Strike
1-1: Ball
2-1: Called Strike
2-2: Strikes out swinging
Batting: RHB Gary Panniers 0-0: Ball
1-0: Called Strike
1-1: Ball
2-1: Ball
3-1: Fielders Choice at 2nd, 6-4 (Groundball, 6, EV 80.0 MPH)
Bottom of the 9th over - 0 runs, 2 hits, 0 errors, 2 left on base; Tulsa 8 - Fort Knox 1
Friday, April 17th, 2020 - OOTP Baseball 20.8 Build 74